 Dungeon Crawl Stone Soup version 0.30.1-10-g1249ef9ec4 (webtiles) character file.

Game seed: 13058548779026710555

240 lonewolfV2 the Ducker (level 5, -2/41 HPs)
             Began as a Demonspawn Fighter on Oct 27, 2023.
             Slain by a gnoll
             ... wielding a +1 halberd of protection
              (8 damage)
             ... on level 4 of the Dungeon.
             The game lasted 00:04:06 (2108 turns).

lonewolfV2 the Ducker (Demonspawn Fighter)          Turns: 2108, Time: 00:04:07

Health: -2/41      AC: 10    Str: 19    XL:     5   Next: 80%
Magic:  5/5        EV:  7    Int:  9    God:
Gold:   240        SH: 17    Dex: 12    Spells: 4/4 levels left

rFire   . . .        d - +3 hammer of the Delightful God {flame, rPois SInv}
rCold   . . .        l - +1 tower shield
rNeg    . . .        b - +0 scale mail
rPois   +            (no helmet)
rElec   .            (no cloak)
rCorr   .            (no gloves)
SInv    +            (no boots)
Will    .....        (no amulet) Stlth
                     (no ring)
HPRegen 0.26/turn    (no ring)
MPRegen 0.09/turn

%: no passive effects
@: no status effects
A: yellow scales 2, condensation shield
a: no special abilities


You were on level 4 of the Dungeon.
You visited 1 branch of the dungeon, and saw 4 of its levels.

You collected 240 gold pieces.

Inventory:

Hand Weapons
 a - a +0 war axe
 d - the +3 hammer of the Delightful God (weapon) {flame, rPois SInv}
   (You found it on level 3 of the Dungeon)

   rPois:     It protects you from poison.
   SInv:      It lets you see invisible.
Missiles
 g - a throwing net (quivered)
Armour
 b - a +0 scale mail (worn)
 l - a +1 tower shield (worn)
Potions
 c - 2 potions of haste {unknown}
 e - a potion of heal wounds {unknown}
 f - a potion of might
 h - a potion of attraction {unknown}
 i - a potion of degeneration {unknown}
 j - a potion of curing
 k - a potion of cancellation {unknown}
 n - a potion of lignification {unknown}


   Skills:
 - Level 3.0 Fighting
 - Level 1.7 Axes
 + Level 4.0 Armour
 * Level 4.2 Dodging
 - Level 2.6 Shields


You had 4 spell levels left.
You didn't know any spells.
Your spell library contained the following spells:

 Spells                   Type           Power      Damage    Failure   Level
 Beastly Appendage        Tmut           0%         N/A       100%        1
 Freeze                   Ice            0%         1d3       100%        1
 Lesser Beckoning         Tloc           0%         N/A       100%        2
 Wereblood                Tmut           0%         N/A       100%        2
 Frozen Ramparts          Ice            0%         1d1       100%        3
 Gell's Gravitas          Tloc           0%         N/A       100%        3
 Hailstorm                Conj/Ice       0%         3d3       100%        3
 Spider Form              Tmut/Pois      0%         N/A       100%        3
 Teleport Other           Tloc           0%         N/A       100%        3


Dungeon Overview and Level Annotations

Branches:
Dungeon (4/15)
 Temple: D:4-7

Altars:

Shops:
D:4 =


Innate Abilities, Weirdness & Mutations

You are mostly covered in yellow scales. (AC +3)
A meltable shield of frost defends you. (SH +4)


Message History

The gnoll hits you with a +0 flail! The gnoll hits you with a +0 flail.
You hit the gnoll. You burn the gnoll.
The gnoll is almost dead.
The gnoll hits you with a +0 flail.
You hit the gnoll. You burn the gnoll.
You kill the gnoll!
You block the gnoll's attack.
Your Armour skill increases to level 4!
You closely miss the gnoll.
The gnoll is almost dead.
The gnoll hits you with a +0 club. You block the gnoll's attack.
You hit the gnoll. You burn the gnoll.
You kill the gnoll!
You sock the gnoll! You burn the gnoll.
You kill the gnoll!
You block the gnoll's attack.
The gnoll hits you from afar with a +1 halberd of protection!
* * * LOW HITPOINT WARNING * * *
The gnoll barely misses you.
Items here: ))) †.
You hit the gnoll but do no damage. You block the gnoll's attack. x2
You closely miss the gnoll.
The gnoll hits you with a +1 halberd of protection.
* * * LOW HITPOINT WARNING * * *
You feel better.
The gnoll hits you with a +1 halberd of protection.
* * * LOW HITPOINT WARNING * * *
You feel better. The gnoll hits you but does no damage.
You hit the gnoll. You burn the gnoll.
The gnoll is moderately wounded.
You block the gnoll's attack. x2
You hit the gnoll but do no damage.
The gnoll is moderately wounded.
The gnoll hits you with a +1 halberd of protection.
* * * LOW HITPOINT WARNING * * *
You block the gnoll's attack.
You completely miss the gnoll.
The gnoll is moderately wounded.
The gnoll hits you with a +1 halberd of protection!
You die...

#.######......
#.# #######
#.# #.# ##.##
####...##
#.......#
#.##...##
#@###.##
####### #g#
### ####......
#.# #.........
#.# #.##..##.#
#.# #.##..##..
#.# #.##..####
..# #.##..#
#.# #.##..#
#..#..####


You could see a gnoll.

Vanquished Creatures
  A scorpion (D:4)
  A hound (D:4)
  Crazy Yiuf (D:3)
  An iguana (D:4)
  3 gnolls (D:4)
  An adder (D:2)
  A worm (D:2)
  2 dart slugs (D:2)
  An orc (D:3)
  6 ball pythons
  A bat (D:1)
  5 giant cockroaches (D:1)
  6 goblins
  6 hobgoblins
  8 kobolds
  2 quokkas
  A frilled lizard (D:2)
  9 rats
56 creatures vanquished.

Notes
Turn   | Place    | Note
-------+----------+-------------------------------------------
     0 | D:1      | lonewolfV2 the Demonspawn Fighter began the quest for the
                  | Orb.
     0 | D:1      | Reached XP level 1. HP: 18/18 MP: 1/1
    36 | D:1      | Found a faded altar of an unknown god.
   159 | D:1      | Reached skill level 1 in Dodging
   164 | D:1      | Gained mutation: You are partially covered in yellow
                  | scales. (AC +2) [demonic ancestry]
   164 | D:1      | Reached XP level 2. HP: 23/24 MP: 2/2
   472 | D:1      | Reached XP level 3. HP: 29/29 MP: 3/3
  1693 | D:3      | Gained mutation: You are mostly covered in yellow scales.
                  | (AC +3) [demonic ancestry]
  1693 | D:3      | Reached XP level 4. HP: 35/35 MP: 4/4
  1834 | D:3      | Found a runed translucent door.
  1835 | D:3      | Noticed Crazy Yiuf
  1841 | D:3      | Killed Crazy Yiuf
  1845 | D:3      | Identified the +3 hammer of the Delightful God {flame,
                  | rPois SInv}
  1879 | D:4      | Found Toim's Jewellery Shoppe.
  1951 | D:4      | Noticed a scorpion
  1957 | D:4      | Killed a scorpion
  1958 | D:4      | Gained mutation: A meltable shield of frost defends you.
                  | (SH +4) [demonic ancestry]
  1958 | D:4      | Reached XP level 5. HP: 39/41 MP: 5/5
  2108 | D:4      | Slain by a gnoll

Illustrated notes

Levels and vault maps discovered:
D:1:      minmay_arrival_five_plusses, layout_basic,
          shapermc_ecumenical_altar_gd, minmay_cut_off
D:2:      layout_rooms, serial_corexii_hall, chequers_hall_statues_wall_a,
          corexii_hall_statues_i, corexii_hall_statues_x
D:3:      layout_basic, uniq_grinder, uniq_crazy_yiuf_cottage
D:4:      minmay_diamond_boxcup, layout_loops_ring,
          mainiacjoe_overflow_six_doors_small, serial_shops,
          nicolae_stop_n_shop_1, uniq_eustachio

Skill      XL: |  1  2  3  4  5 |
---------------+----------------+-----
Dodging        | 1 2 3 4 |  4.2
Armour         | 3 4 |  4.0
Fighting       | |  3.0
Axes           | |  1.7
Shields        | |  2.6

Action                     |  1- 3 |  4- 6 || total
---------------------------+-------+-------++-------
  Melee: War axe           |   118 |     2 ||   120
         Mace              |       |    32 ||    32
    Use: Scroll            |     7 |       ||     7
         Potion            |       |     3 ||     3
 Armour: Scale mail        |    68 |    10 ||    78
  Dodge: Dodged            |    53 |     6 ||    59
  Block: Buckler           |    17 |       ||    17
         Tower shield      |    51 |    28 ||    79
